TOP OF THE 1ST |
Corpus Christi Hooks batting - Pitching for Chattanooga Lookouts : LHP David Gordon
|
Pitching: LHP David Gordon
|
|
Batting: RHB Ben Hoffman
|
0-0: Called Strike 0-1: Ball 1-1: Ball 2-1: Foul Ball, location: 2F 2-2: Strikes out swinging
|
Batting: SHB Dan Castaneda
|
0-0: Ball 1-0: Ball 2-0: Called Strike 2-1: DOUBLE (Flyball, 8LD, EV 85.0 MPH)
|
Batting: RHB Ramon Castellon
|
0-0: Ball 1-0: Ball 2-0: Ball 3-0: Called Strike 3-1: Foul Ball, location: 2F 3-2: Base on Balls
|
Batting: RHB Mark Cahill
|
0-0: Ball 1-0: Ball 2-0: Called Strike 2-1: Ball 3-1: Swinging Strike 3-2: Strikes out swinging
|
Batting: RHB Masaru Konno
|
0-0: Called Strike 0-1: Ball 1-1: Ball 2-1: Foul Ball, location: 2F 2-2: Ball 3-2: Fly out, F9 (Flyball, 89M, EV 81.2 MPH)
|
Top of the 1st over - 0 runs, 1 hit, 0 errors, 2 left on base; Corpus Christi 0 - Chattanooga 0 |
BOTTOM OF THE 1ST |
Chattanooga Lookouts batting - Pitching for Corpus Christi Hooks : RHP Andy Montelongo
|
Pitching: RHP Andy Montelongo
|
|
Batting: SHB Matt Urbani
|
0-0: Called Strike 0-1: Called Strike 0-2: Ball 1-2: Ball 2-2: Ball 3-2: Strikes out swinging
|
Batting: RHB John Dew
|
0-0: Ball 1-0: Ball 2-0: Called Strike 2-1: Called Strike 2-2: Ball 3-2: Base on Balls
|
Batting: LHB Marshall Daul
|
0-0: Ball John Dew steals 2nd base 1-0: Swinging Strike 1-1: Ball 2-1: Foul Ball, location: 2F 2-2: Strikes out swinging
|
Batting: RHB Leo Gonzalez
|
0-0: Called Strike 0-1: Foul Ball, location: 2F 0-2: Ground out 4-3 (Groundball, 4, EV 78.8 MPH)
|
Bottom of the 1st over - 0 runs, 0 hits, 0 errors, 1 left on base; Corpus Christi 0 - Chattanooga 0 |
TOP OF THE 2ND |
Corpus Christi Hooks batting - Pitching for Chattanooga Lookouts : LHP David Gordon
|
Batting: LHB Josh Birkner
|
0-0: Called Strike 0-1: Ball 1-1: Ball 2-1: Ball 3-1: Foul Ball, location: 2F 3-2: Foul Ball, location: 2F 3-2: Strikes out swinging
|
Batting: LHB Chris Cabrera
|
0-0: Called Strike 0-1: Ball 1-1: Swinging Strike 1-2: Fly out, F6 (Popup, 6D, EV 55.6 MPH)
|
Batting: RHB Derek Moran
|
0-0: Swinging Strike 0-1: Called Strike 0-2: Foul Ball, location: 2F 0-2: Ball 1-2: Ball 2-2: Ground out 1-3 (Groundball, 13S, EV 68.1 MPH)
|
Top of the 2nd over - 0 runs, 0 hits, 0 errors, 0 left on base; Corpus Christi 0 - Chattanooga 0 |
BOTTOM OF THE 2ND |
Chattanooga Lookouts batting - Pitching for Corpus Christi Hooks : RHP Andy Montelongo
|
Batting: LHB Jon Ventura
|
0-0: Ball 1-0: Swinging Strike 1-1: Swinging Strike 1-2: Foul Ball, location: 2F 1-2: Ball 2-2: Strikes out swinging
|
Batting: LHB David Campbell
|
0-0: Fly out, F3 (Popup, 3F, EV 75.6 MPH)
|
Batting: RHB Nick Phipps
|
0-0: Called Strike 0-1: Ball 1-1: Foul Ball, location: 2F 1-2: Ball 2-2: Ball 3-2: Ground out 6-3 (Groundball, 6, EV 85.6 MPH)
|
Bottom of the 2nd over - 0 runs, 0 hits, 0 errors, 0 left on base; Corpus Christi 0 - Chattanooga 0 |
TOP OF THE 3RD |
Corpus Christi Hooks batting - Pitching for Chattanooga Lookouts : LHP David Gordon
|
Batting: SHB Danny Jensen
|
0-0: Ball 1-0: Ball 2-0: Called Strike 2-1: Swinging Strike 2-2: Ball 3-2: Ground out 5-3 (Groundball, 15, EV 90.6 MPH)
|
Batting: RHB Ben Hoffman
|
0-0: SINGLE (Groundball, 56D, EV 111.2 MPH)
|
Batting: SHB Dan Castaneda
|
0-0: Called Strike 0-1: Ball 1-1: Ball 2-1: Called Strike 2-2: Strikes out swinging
|
Batting: RHB Ramon Castellon
|
0-0: Foul Ball, location: 2F 0-1: Ball 1-1: Swinging Strike Ben Hoffman is caught stealing 2nd base 2-4
|
Top of the 3rd over - 0 runs, 1 hit, 0 errors, 0 left on base; Corpus Christi 0 - Chattanooga 0 |
BOTTOM OF THE 3RD |
Chattanooga Lookouts batting - Pitching for Corpus Christi Hooks : RHP Andy Montelongo
|
Batting: RHB Graham Calvert
|
0-0: Ball 1-0: Ball 2-0: Called Strike 2-1: Ball 3-1: Base on Balls
|
Batting: RHB David Nardone
|
0-0: Ball 1-0: Fly out, F8 (Flyball, 8LM, EV 79.4 MPH)
|
Batting: SHB Matt Urbani
|
0-0: Foul Ball, location: 2F 0-1: Ball 1-1: Ball 2-1: Foul Ball, location: 2F 2-2: Fielders Choice at 2nd, 3-6 (Groundball, 3, EV 78.8 MPH)
|
Batting: RHB John Dew
|
0-0: Called Strike Matt Urbani is caught stealing 2nd base 2-4
|
Bottom of the 3rd over - 0 runs, 0 hits, 0 errors, 0 left on base; Corpus Christi 0 - Chattanooga 0 |
TOP OF THE 4TH |
Corpus Christi Hooks batting - Pitching for Chattanooga Lookouts : LHP David Gordon
|
Batting: RHB Ramon Castellon
|
0-0: Called Strike 0-1: Ball 1-1: Swinging Strike 1-2: Ball 2-2: Ball 3-2: Strikes out swinging
|
Batting: RHB Mark Cahill
|
0-0: Ball 1-0: Ball 2-0: Foul Ball, location: 2F 2-1: Ball 3-1: Called Strike 3-2: DOUBLE (Flyball, 78D, EV 101.9 MPH)
|
Batting: RHB Masaru Konno
|
0-0: Ball 1-0: Ball 2-0: Foul Ball, location: 2F 2-1: Ball 3-1: Ground out 5-3 (Groundball, 5L, EV 90.6 MPH)
|
Batting: LHB Josh Birkner
|
0-0: Called Strike 0-1: Ball 1-1: Ball 2-1: Swinging Strike 2-2: Foul Ball, location: 2F 2-2: Foul Ball, location: 2F 2-2: Foul Ball, location: 2F 2-2: Strikes out swinging
|
Top of the 4th over - 0 runs, 1 hit, 0 errors, 1 left on base; Corpus Christi 0 - Chattanooga 0 |
BOTTOM OF THE 4TH |
Chattanooga Lookouts batting - Pitching for Corpus Christi Hooks : RHP Andy Montelongo
|
Batting: RHB John Dew
|
0-0: Ball 1-0: Ball 2-0: Foul Ball, location: 2F 2-1: Ball 3-1: Foul Ball, location: 2F 3-2: Foul Ball, location: 2F 3-2: Strikes out looking
|
Batting: LHB Marshall Daul
|
0-0: Foul Ball, location: 2F 0-1: Foul Ball, location: 2F 0-2: Ball 1-2: Foul Ball, location: 2F 1-2: Ball 2-2: Ball 3-2: Foul Ball, location: 2F 3-2: Ground out 4-3 (Groundball, 4, EV 86.9 MPH)
|
Batting: RHB Leo Gonzalez
|
0-0: Foul Ball, location: 2F 0-1: Ball 1-1: Ball 2-1: Ground out 6-3 (Groundball, 6S, EV 67.5 MPH)
|
Bottom of the 4th over - 0 runs, 0 hits, 0 errors, 0 left on base; Corpus Christi 0 - Chattanooga 0 |
TOP OF THE 5TH |
Corpus Christi Hooks batting - Pitching for Chattanooga Lookouts : LHP David Gordon
|
Batting: LHB Chris Cabrera
|
0-0: Called Strike 0-1: Called Strike 0-2: Ball 1-2: Fly out, F7 (Flyball, 7LS, EV 77.5 MPH)
|
Batting: RHB Derek Moran
|
0-0: Ball 1-0: Called Strike 1-1: Swinging Strike 1-2: Strikes out looking
|
Batting: SHB Danny Jensen
|
0-0: Ball 1-0: Ball 2-0: SINGLE (Groundball, 56, EV 102.5 MPH) (infield hit)
|
Pitching: RHP John Morrison
|
|
Batting: RHB Ben Hoffman
|
0-0: Swinging Strike 0-1: Ball 1-1: Foul Ball, location: 2F 1-2: Ball 2-2: Fly out, F9 (Line Drive, 9LM, EV 90.0 MPH)
|
Top of the 5th over - 0 runs, 1 hit, 0 errors, 1 left on base; Corpus Christi 0 - Chattanooga 0 |
BOTTOM OF THE 5TH |
Chattanooga Lookouts batting - Pitching for Corpus Christi Hooks : RHP Andy Montelongo
|
Batting: LHB Jon Ventura
|
0-0: Foul Ball, location: 2F 0-1: Foul Ball, location: 2F 0-2: Ball 1-2: Foul Ball, location: 2F 1-2: Foul Ball, location: 2F 1-2: Ball 2-2: Ball 3-2: Base on Balls
|
Batting: LHB David Campbell
|
0-0: Ball Jon Ventura steals 2nd, throwing error, E2 Jon Ventura to third 1-0: Called Strike 1-1: SINGLE (Flyball, 6D, EV 95.0 MPH) - OUT at second base trying to stretch hit. Jon Ventura scores
|
Batting: RHB Nick Phipps
|
0-0: Ball 1-0: Ground out 5-3 (Groundball, 5, EV 84.4 MPH)
|
Batting: RHB Graham Calvert
|
0-0: Swinging Strike 0-1: SINGLE (Line Drive, 7LS, EV 98.8 MPH)
|
Pinch Hitting: RHB Michael McDonald
|
0-0: SINGLE (Groundball, 4M, EV 93.8 MPH) (infield hit) Graham Calvert to second
|
Batting: SHB Matt Urbani
|
0-0: Ball 1-0: Ball 2-0: Swinging Strike 2-1: Called Strike 2-2: Strikes out looking
|
Bottom of the 5th over - 1 run, 3 hits, 1 error, 2 left on base; Corpus Christi 0 - Chattanooga 1 |
TOP OF THE 6TH |
Corpus Christi Hooks batting - Pitching for Chattanooga Lookouts : RHP John Morrison
|
Now at SS: Jose Gracia
|
|
Now in RF: Nick Phipps
|
|
Batting: SHB Dan Castaneda
|
0-0: Ball 1-0: Ball 2-0: Ball 3-0: Called Strike 3-1: Foul Ball, location: 2F 3-2: Foul Ball, location: 2F 3-2: Base on Balls
|
Batting: RHB Ramon Castellon
|
0-0: Ball Dan Castaneda steals 2nd base 1-0: Ball 2-0: Foul Ball, location: 2F 2-1: Called Strike 2-2: Foul Ball, location: 2F 2-2: Ball 3-2: Strikes out swinging
|
Batting: RHB Mark Cahill
|
0-0: Ball 1-0: Ball 2-0: Ball 3-0: Called Strike 3-1: Foul Ball, location: 2F 3-2: SINGLE (Groundball, 25, EV 68.1 MPH) (infield hit) Dan Castaneda to third
|
Batting: RHB Masaru Konno
|
0-0: Called Strike 0-1: Fielders Choice at 2nd, 4-6 (Groundball, 4M, EV 97.5 MPH) Dan Castaneda scores
|
Batting: LHB Josh Birkner
|
0-0: Called Strike Masaru Konno steals 2nd, throwing error, E2 Masaru Konno to third 0-1: Foul Ball, location: 2F 0-2: Ball 1-2: Ball 2-2: Ground out 5-3 (Groundball, 25, EV 80.0 MPH)
|
Top of the 6th over - 1 run, 1 hit, 1 error, 1 left on base; Corpus Christi 1 - Chattanooga 1 |
BOTTOM OF THE 6TH |
Chattanooga Lookouts batting - Pitching for Corpus Christi Hooks : RHP Andy Montelongo
|
Batting: RHB John Dew
|
0-0: Foul Ball, location: 2F 0-1: Ground out 1-3 (Groundball, 34S, EV 70.6 MPH)
|
Batting: LHB Marshall Daul
|
0-0: Called Strike 0-1: Reached on error, E3 (Groundball, 34S, EV 68.8 MPH)
|
Batting: RHB Leo Gonzalez
|
0-0: Ball Marshall Daul is caught stealing 2nd base 2-4 1-0: Foul Ball, location: 2F 1-1: Foul Ball, location: 2F 1-2: Ball 2-2: Ground out 6-3 (Groundball, 6, EV 80.6 MPH)
|
Bottom of the 6th over - 0 runs, 0 hits, 1 error, 0 left on base; Corpus Christi 1 - Chattanooga 1 |
TOP OF THE 7TH |
Corpus Christi Hooks batting - Pitching for Chattanooga Lookouts : RHP John Morrison
|
Pitching: RHP Regan Kalinski
|
|
Batting: LHB Chris Cabrera
|
0-0: Ball 1-0: Called Strike 1-1: Ball 2-1: Foul Ball, location: 2F 2-2: Foul Ball, location: 2F 2-2: Ball 3-2: Foul Ball, location: 2F 3-2: Foul Ball, location: 2F 3-2: Strikes out looking
|
Pinch Hitting: LHB John Wagner
|
0-0: Ball 1-0: Reached on error, E6 (Groundball, 6, EV 87.5 MPH)
|
Batting: SHB Danny Jensen
|
0-0: Ball 1-0: Called Strike John Wagner steals 2nd base 1-1: Ball John Wagner steals 3rd base 2-1: Called Strike 2-2: Ball 3-2: Foul Ball, location: 2F 3-2: Foul Ball, location: 2F 3-2: Fly out, F8 (Flyball, 8LS, EV 78.1 MPH)
|
Batting: RHB Ben Hoffman
|
0-0: Called Strike 0-1: Fly out, F3 (Popup, 3F, EV 60.6 MPH)
|
Top of the 7th over - 0 runs, 0 hits, 1 error, 1 left on base; Corpus Christi 1 - Chattanooga 1 |
BOTTOM OF THE 7TH |
Chattanooga Lookouts batting - Pitching for Corpus Christi Hooks : RHP Andy Montelongo
|
Now in RF: John Wagner
|
|
Batting: LHB Jon Ventura
|
0-0: Ball 1-0: Ball 2-0: Swinging Strike 2-1: Swinging Strike 2-2: Strikes out looking
|
Batting: LHB David Campbell
|
0-0: SINGLE (Line Drive, 9S, EV 90.6 MPH)
|
Batting: RHB Nick Phipps
|
0-0: Foul Ball, location: 2F 0-1: Called Strike 0-2: Ball 1-2: Foul Ball, location: 2F 1-2: Ball 2-2: Ball 3-2: Foul Ball, location: 2F 3-2: Fly out, F3 (Line Drive, 3L, EV 66.2 MPH) Lined into DP, U3 (Line Drive, 3L, EV 71.2 MPH)
|
Bottom of the 7th over - 0 runs, 1 hit, 0 errors, 0 left on base; Corpus Christi 1 - Chattanooga 1 |
TOP OF THE 8TH |
Corpus Christi Hooks batting - Pitching for Chattanooga Lookouts : RHP Regan Kalinski
|
Pitching: RHP Tom Aagaard
|
|
Batting: SHB Dan Castaneda
|
0-0: Called Strike 0-1: Foul Ball, location: 2F 0-2: Ball 1-2: Strikes out swinging
|
Batting: RHB Ramon Castellon
|
0-0: Foul Ball, location: 2F 0-1: Foul Ball, location: 2F 0-2: Strikes out swinging
|
Batting: RHB Mark Cahill
|
0-0: Swinging Strike 0-1: SINGLE (Groundball, 25, EV 63.8 MPH) (infield hit)
|
Pinch Hitting: LHB Mitchell Casey
|
0-0: Called Strike 0-1: Ball 1-1: Ball 2-1: Foul Ball, location: 2F 2-2: Ball 3-2: Strikes out swinging
|
Top of the 8th over - 0 runs, 1 hit, 0 errors, 1 left on base; Corpus Christi 1 - Chattanooga 1 |
BOTTOM OF THE 8TH |
Chattanooga Lookouts batting - Pitching for Corpus Christi Hooks : RHP Andy Montelongo
|
Pitching: RHP Elroy Meulenkamp
|
|
Now at SS: Alex Campos
|
|
Batting: RHB Graham Calvert
|
0-0: Swinging Strike 0-1: Ball 1-1: Swinging Strike 1-2: Strikes out swinging
|
Batting: RHB Jose Gracia
|
0-0: Called Strike 0-1: Swinging Strike 0-2: Foul Ball, location: 2F 0-2: Strikes out swinging, 2-3 out at first.
|
Batting: SHB Matt Urbani
|
0-0: Called Strike 0-1: Ball 1-1: Ball 2-1: Fly out, F8 (Flyball, 8RS, EV 94.4 MPH)
|
Bottom of the 8th over - 0 runs, 0 hits, 0 errors, 0 left on base; Corpus Christi 1 - Chattanooga 1 |
TOP OF THE 9TH |
Corpus Christi Hooks batting - Pitching for Chattanooga Lookouts : RHP Tom Aagaard
|
Batting: LHB Josh Birkner
|
0-0: Ball 1-0: Ball 2-0: DOUBLE (Line Drive, 9LM, EV 106.2 MPH)
|
Batting: LHB Chris Cabrera
|
0-0: Intentional Walk
|
Pinch Runner at 2nd Sam Spohn:
|
|
Batting: LHB John Wagner
|
0-0: Ball 1-0: Ball 2-0: Ball 3-0: Base on Balls Sam Spohn to third Chris Cabrera to second
|
Batting: SHB Danny Jensen
|
0-0: Ball 1-0: Foul Ball, location: 2F 1-1: Ball 2-1: Ball 3-1: Called Strike 3-2: Strikes out swinging
|
Batting: RHB Ben Hoffman
|
0-0: Ball 1-0: Called Strike 1-1: Ball 2-1: Ball 3-1: Base on Balls Sam Spohn scores Chris Cabrera to third John Wagner to second
|
Batting: SHB Dan Castaneda
|
0-0: Ball 1-0: Ball 2-0: Foul Ball, location: 2F 2-1: Swinging Strike 2-2: Ball 3-2: Strikes out swinging
|
Batting: RHB Ramon Castellon
|
0-0: Called Strike 0-1: Foul Ball, location: 2F 0-2: Ball 1-2: Foul Ball, location: 2F 1-2: Foul Ball, location: 2F 1-2: Foul Ball, location: 2F 1-2: Ball 2-2: Foul Ball, location: 2F 2-2: Ball 3-2: Foul Ball, location: 2F 3-2: SINGLE (Flyball, 34D, EV 87.5 MPH) Chris Cabrera scores John Wagner to third Ben Hoffman to second John Wagner scores Ben Hoffman to third
|
Pitching: RHP Orlando Guapo
|
|
Batting: RHB Mark Cahill
|
0-0: Foul Ball, location: 2F 0-1: Fly out, F8 (Flyball, 8LD, EV 108.1 MPH)
|
Top of the 9th over - 3 runs, 2 hits, 0 errors, 2 left on base; Corpus Christi 4 - Chattanooga 1 |
BOTTOM OF THE 9TH |
Chattanooga Lookouts batting - Pitching for Corpus Christi Hooks : RHP Elroy Meulenkamp
|
Pitching: RHP Gerardo Huerta
|
|
Batting: RHB John Dew
|
0-0: Foul Ball, location: 2F 0-1: Foul Ball, location: 2F 0-2: Ball 1-2: Strikes out swinging
|
Batting: LHB Marshall Daul
|
0-0: Ball 1-0: Foul Ball, location: 2F 1-1: Foul Ball, location: 2F 1-2: Strikes out looking
|
Batting: RHB Leo Gonzalez
|
0-0: Foul Ball, location: 2F 0-1: Ball 1-1: SINGLE (Groundball, 34D, EV 98.8 MPH)
|
Batting: LHB Jon Ventura
|
0-0: Foul Ball, location: 2F 0-1: Fly out, F8 (Flyball, 89M, EV 95.6 MPH)
|
Bottom of the 9th over - 0 runs, 1 hit, 0 errors, 1 left on base; Corpus Christi 4 - Chattanooga 1 |
|